 Dungeon Crawl Stone Soup version 0.29.0-7-g18a832c13a (webtiles) character file.

Game seed: 1869543982716756675

142 LunaticDancer the Shield-Bearer (level 5, -2/41 HPs)
             Began as a Human Fighter on Aug 31, 2022.
             Slain by a gnoll
             ... wielding a +0 halberd
              (12 damage)
             ... on level 3 of the Dungeon.
             The game lasted 00:08:15 (2474 turns).

LunaticDancer the Shield-Bearer (Human Fighter)     Turns: 2474, Time: 00:08:16

Health: -2/41      AC:  9    Str: 16    XL:     5   Next: 50%
Magic:  5/5        EV:  8    Int: 15    God:
Gold:   55         SH: 10    Dex: 17    Spells: 4/4 levels left

rFire   . . .      SeeInvis .   a - +0 rapier
rCold   . . .      Faith    .   h - +0 kite shield
rNeg    . . .      Spirit   .   b - +0 scale mail
rPois   +          Reflect  .   n - +1 helmet of Twilight {Dex+3}
rElec   .          Harm     .   (no cloak)
rCorr   .          Rampage  .   (no gloves)
Will    .....                   (no boots)
Stlth   ..........              (no amulet)
HPRegen 0.13/turn               m - ring of flight
MPRegen 0.09/turn               p - ring of Poxt {rPois Int+6}

@: flying
A: no striking features
a: no special abilities


You were on level 3 of the Dungeon.
You visited 1 branch of the dungeon, and saw 3 of its levels.

You collected 55 gold pieces.

Inventory:

Hand Weapons
 a - a +0 rapier (weapon)
Missiles
 k - 2 poisoned darts (quivered)
Armour
 b - a +0 scale mail (worn)
 c - a +0 buckler
 h - a +0 kite shield (worn)
 n - the +1 helmet of Twilight (worn) {Dex+3}
   (You found it on level 2 of the Dungeon)

   Dex:       It affects your dexterity (+3).
Jewellery
 m - a ring of flight (left hand)
 p - the ring of Poxt (right hand) {rPois Int+6}
   (You found it on level 2 of the Dungeon)

   [ring of intelligence]

   Int:       It affects your intelligence (+6).
   rPois:     It protects you from poison.
Scrolls
 e - 2 scrolls of enchant armour {unknown}
 f - a scroll of immolation {unknown}
 j - a scroll of teleportation {unknown}
 l - a scroll of enchant weapon {unknown}
 q - a scroll of blinking {unknown}
Potions
 d - a potion of might
 g - a potion of magic {unknown}
 i - 2 potions of brilliance {unknown}
 o - a potion of invisibility {unknown}
 r - a potion of curing {unknown}
 s - a potion of mutation {unknown}


   Skills:
 + Level 3.4 Fighting
 + Level 2.9 Short Blades
 + Level 3.6 Armour
 * Level 1.5 Dodging
 * Level 4.2 Shields


You had 4 spell levels left.
You didn't know any spells.
Your spell library was empty.

Dungeon Overview and Level Annotations

Branches:
Dungeon (3/15)

Altars:
Sif Muna


Message History

You barely miss the gnoll.
The gnoll is heavily wounded.
The gnoll barely misses you.
The gnoll hits you from afar with a +0 halberd.
You are too injured to fight recklessly!
You are too injured to fight recklessly!
You are too injured to fight recklessly!
You are too injured to fight recklessly!
You are too injured to fight recklessly!
You hit the gnoll.
The gnoll is heavily wounded.
You block the gnoll's attack. The gnoll barely misses you.
You hit the gnoll.
The gnoll is severely wounded.
The gnoll hits you with a +0 flail.
The gnoll hits you from afar with a +0 halberd.
You block the gnoll's attack.
The gnoll hits you from afar with a +0 halberd.
You hit the gnoll.
You kill the gnoll!
The gnoll barely misses you.
You hit the gnoll.
The gnoll is moderately wounded.
The gnoll hits you with a +0 club. You block the gnoll's attack.
You hit the gnoll.
The gnoll is severely wounded.
The gnoll hits you with a +0 club.
* * * LOW HITPOINT WARNING * * *
The gnoll barely misses you.
You hit the gnoll.
The gnoll is severely wounded.
The gnoll hits you with a +0 club.
* * * LOW HITPOINT WARNING * * *
The gnoll barely misses you.
You closely miss the gnoll.
The gnoll is severely wounded.
The gnoll hits you with a +0 club.
* * * LOW HITPOINT WARNING * * *
The gnoll hits you from afar with a +0 halberd!
You die...

#..........## #..
#...######..###.#
#...# #.#.#.#
##.#######.....#
#.....).......#####
########..##......#
#..###.###.#
......#.#
#.#..#.#@#
......#.#g#
....#...


gg. #.####....... #. ........ ##....... ........P .#......... You could see 3
gnolls.

Vanquished Creatures
  An orc priest (D:3)
  A hound (D:3)
  A gnoll (D:3)
  An adder (D:3)
  3 dart slugs
  8 orcs (D:3)
  3 endoplasms
  3 giant cockroaches
  2 goblins
  3 hobgoblins
  6 jackals (D:2)
  A quokka (D:1)
  4 ball pythons
  6 bats
  3 frilled lizards
  4 kobolds
  4 rats
54 creatures vanquished.

Vanquished Creatures (others)
  14 plants (D:3)
14 creatures vanquished.

Grand Total: 68 creatures vanquished

Notes
Turn   | Place    | Note
-------+----------+-------------------------------------------
     0 | D:1      | LunaticDancer the Human Fighter began the quest for the
                  | Orb.
     0 | D:1      | Reached XP level 1. HP: 18/18 MP: 1/1
   448 | D:1      | Reached XP level 2. HP: 20/24 MP: 2/2
   931 | D:1      | Reached XP level 3. HP: 29/29 MP: 3/3
  1275 | D:2      | Identified the +1 helmet of Twilight {Dex+3}
  1283 | D:2      | Found a faded altar of an unknown god.
  1690 | D:2      | Found a shimmering blue altar of Sif Muna.
  1914 | D:2      | Identified the ring of Poxt {rPois Int+6}
  2065 | D:3      | Reached skill level 1 in Dodging
  2065 | D:3      | Reached XP level 4. HP: 22/35 MP: 4/4
  2363 | D:3      | Reached skill level 4 in Shields
  2363 | D:3      | Reached XP level 5. HP: 39/41 MP: 5/5
  2474 | D:3      | Slain by a gnoll

Illustrated notes

Levels and vault maps discovered:
D:1:      dpeg_arrival_arbitrary_a, layout_basic
D:2:      layout_basic, basic_altar, hellmonk_ecumenical_altar_dog_temple
D:3:      layout_loops_cross, nicolae_grassy_gnolls

Skill      XL: |  1  2  3  4 |
---------------+-------------+-----
Dodging        | 1 |  1.5
Shields        | 4 |  4.2
Fighting       | |  3.4
Short Blades   | |  2.9
Armour         | |  3.6

Action                   |  1- 3 |  4- 6 || total
-------------------------+-------+-------++-------
Melee: Rapier            |   133 |    71 ||   204
Armor: Scale mail        |   100 |    21 ||   121
Dodge: Dodged            |    62 |    17 ||    79
Block: Buckler           |     7 |       ||     7
       Kite shield       |    81 |    29 ||   110
